 Dungeon Crawl Stone Soup version 0.30.1-11-g7821555f0a (webtiles) character file.

Game seed: 10580227298184979617

37 BuzzardItera the Trooper (level 3, -11/34 HPs)
             Began as a Minotaur Berserker on Nov 6, 2023.
             Was a Believer of Trog.
             Killed from afar by Sigmund (16 damage)
             ... with a bolt of dispelling energy
             ... on level 2 of the Dungeon.
             The game lasted 00:03:13 (771 turns).

BuzzardItera the Trooper (Minotaur Berserker)        Turns: 771, Time: 00:03:15

Health: -11/34     AC: 10    Str: 23    XL:     3   Next: 23%
Magic:  2/2        EV: 10    Int:  4    God:    Trog [**....]
Gold:   60         SH:  0    Dex:  9    Spells: 2/2 levels left

rFire   . . .        a - +0 hand axe
rCold   . . .        (no shield)
rNeg    . . .        c - +4 scale mail {rPois}
rPois   +            (helmet restricted)
rElec   .            (no cloak)
rCorr   .            (no gloves)
SInv    .            (no boots)
Will    .....        (no amulet) Stlth
                     (no ring)
HPRegen 0.25/turn    (no ring)
MPRegen 0.08/turn

%: no passive effects
@: confused
A: horns 2, retaliatory headbutt
a: Renounce Religion, Berserk, Trog's Hand


You were on level 2 of the Dungeon.
You worshipped Trog.
Trog was pleased with you.
You visited 1 branch of the dungeon, and saw 2 of its levels.

You collected 60 gold pieces.

Inventory:

Hand Weapons
 a - a +0 hand axe (weapon)
Armour
 b - a +0 animal skin
 c - a +4 scale mail of poison resistance (worn)
 e - a +0 ring mail
 h - a +0 chain mail
Scrolls
 i - 2 scrolls of fear
 j - a scroll of magic mapping
Potions
 d - a potion of curing {unknown}
 f - a potion of flight {unknown}
 g - a potion of might {unknown}


   Skills:
 + Level 4.3 Fighting
 + Level 4.3 Axes
 + Level 2.7 Armour
 + Level 2.5 Dodging


You had 2 spell levels left.
You didn't know any spells.
Your spell library was empty.

Dungeon Overview and Level Annotations

Branches:
Dungeon (2/15)

Altars:

Annotations:
D:2 Sigmund


Innate Abilities, Weirdness & Mutations

You have a pair of horns on your head.
You reflexively headbutt those who attack you in melee.


Message History

Sigmund the Dreaded comes into view.
He is wielding a +1 vampiric scythe and carrying a wand of quicksilver (4).
Sigmund hits you with a +1 vampiric scythe.
You hit Sigmund.
Sigmund is lightly wounded.
Sigmund barely misses you.
You barely miss Sigmund. You headbutt Sigmund.
Sigmund is moderately wounded.
You hit Sigmund but do no damage.
Sigmund is moderately wounded.
Sigmund hits you but does no damage.
You hit Sigmund.
Sigmund is heavily wounded.
Sigmund zaps a wand.
The bolt of dispelling energy hits you!
You hit Sigmund.
Sigmund is severely wounded.
Sigmund zaps a wand.
The bolt of dispelling energy hits you!
* * * LOW HITPOINT WARNING * * *
You closely miss Sigmund.
Sigmund is severely wounded.
Sigmund hits you with a +1 vampiric scythe.
* * * LOW HITPOINT WARNING * * *
Sigmund draws strength from your wounds!
You hit Sigmund.
Sigmund is severely wounded.
Sigmund hits you with a +1 vampiric scythe.
* * * LOW HITPOINT WARNING * * *
Sigmund draws strength from your wounds!
You barely miss Sigmund. You headbutt Sigmund.
Sigmund is almost dead.
You barely miss Sigmund.
Sigmund is almost dead.
Sigmund gestures at you while chanting.
You are confused.
You miss Sigmund. Your headbutt misses Sigmund.
Sigmund is almost dead.
Sigmund casts a spell at you. The puff of flame misses you.
Sigmund zaps a wand.
The bolt of dispelling energy hits you!
Your magical effects are unravelling.
You die...

... #....##..#.#.# ....
##...###...#.# ....#
#....##.....#
.....##.........).# ..
#..#.#.........#
...##...#.#.<.....##
....!.....#....(...#
##(.......#......#.....
####..@..#......###...
##.@#.#......# ...
##..[###..### $. ##...
##.. .#.. ....
.#.#.####. .# #.. .. #


You could see Sigmund.

Vanquished Creatures
  A dart slug (D:1)
  2 ball pythons (D:1)
  3 endoplasms (D:1)
  3 giant cockroaches
  2 goblins (D:1)
  2 hobgoblins (D:1)
  3 jackals (D:1)
  2 quokkas
  4 bats (D:1)
  2 frilled lizards (D:1)
  6 kobolds
30 creatures vanquished.

Notes
Turn   | Place    | Note
-------+----------+-------------------------------------------
     0 | D:1      | BuzzardItera the Minotaur Berserker began the quest for the
                  | Orb.
     0 | D:1      | Reached XP level 1. HP: 19/19 MP: 0/0
   109 | D:1      | Reached XP level 2. HP: 26/27 MP: 1/1
   387 | D:1      | Reached XP level 3. HP: 32/33 MP: 2/2
   465 | D:1      | Reached ** piety under Trog
   545 | D:1      | Identified a scroll of acquirement
   545 | D:1      | Acquired a +4 scale mail of poison resistance
   758 | D:2      | Noticed Sigmund
   771 | D:2      | Killed from afar by Sigmund

Illustrated notes

Levels and vault maps discovered:
D:1:      dpeg_arrival_tiny_a, layout_rooms
D:2:      layout_rooms, nicolae_ecumenical_lake_church,
          dreamdust_mushroom_princess, uniq_sigmund

Skill      XL: |  1  2 |
---------------+-------+-----
Axes           | 4 |  4.3
Fighting       | 4 |  4.3
Armour         | |  2.7
Dodging        | |  2.5

Action                     || total
---------------------------++-------
  Melee: Hand axe          ||    70
         Headbutt          ||    11
    Use: Scroll            ||     6
 Armour: Animal skin       ||     5
         Ring mail         ||    25
         Chain mail        ||     8
         Scale mail        ||     4
  Dodge: Dodged            ||    58
